 Dungeon Crawl Stone Soup version 0.31-a0-854-g362426d53f (webtiles) character file.

Game seed: 18101005569090488891

141 avis the Ducker (level 5, 24/24 HPs)
             Began as a Felid Wanderer on Oct 8, 2023.
             Got out of the dungeon alive.
             The game lasted 00:15:51 (3013 turns).

avis the Ducker (Felid Wanderer)                    Turns: 3013, Time: 00:15:52

Health: 24/24      AC:  1    Str:  9    XL:     5   Next: 3%
Magic:  6/6        EV: 21    Int: 10    God:
Gold:   97         SH:  0    Dex: 20    Spells: 3/4 levels left
                                        Lives:  1   Deaths: 1

rFire   . .          .
                       - Unarmed
rCold   . . .        (shield unavailable)
rNeg    . . .        (body armour unavailable)
rPois   .            (helmet unavailable)
rElec   .            (cloak unavailable)
rCorr   .            (gloves unavailable)
SInv    +            (boots unavailable)
Will    .....        (no amulet)
Stlth   +++          i - ring of wizardry
HPRegen 0.24/turn    (no ring)
MPRegen 0.10/turn

%: wizardry (x1)
@: quick
A: very small, claws 1, fangs 3, see invisible, speed 1, shaggy fur 1, stealthy
paws, no weapons or thrown items, no armour, multi-lived
a: no special abilities


You escaped.
You visited 1 branch of the dungeon, and saw 3 of its levels.

You collected 97 gold pieces.

Inventory:

Jewellery
 i - a ring of wizardry (left paw)
Talismans
 s - a serpent talisman
Scrolls
 a - a scroll of blinking
 c - a scroll of silence
 d - a scroll of teleportation
 f - a scroll of poison {unknown}
 h - a scroll of fog {unknown}
 m - a scroll of amnesia {unknown}
 n - a scroll of enchant weapon {unknown}
Potions
 e - a potion of lignification {unknown}
 g - a potion of enlightenment
 j - a potion of attraction {unknown}
 k - 2 potions of curing {unknown}
 l - a potion of magic {unknown}


   Skills:
 * Level 3.4 Fighting
 - Level 6.0 Dodging
 - Level 3.0 Stealth
 - Level 3.0 Unarmed Combat
 - Level 1.0 Hexes
 - Level 1.1 Evocations


You had 3 spell levels left.
You knew the following spells:

 Your Spells              Type           Power      Damage    Failure   Level
a - Slow                  Hex            8%         N/A       11%         1

Your spell library contained the following spells:

 Spells                   Type           Power      Damage    Failure   Level
 Static Discharge         Conj/Air       0%         2-2/arc   22%         2
 Confusing Touch          Hex            2%         N/A       28%         3
 Sigil of Binding         Hex            2%         N/A       28%         3
 Vampiric Draining        Necr           0%         2d6       41%         3
 Airstrike                Air            0%         2d(0-16)  80%         4
 Summon Lightning Spire   Summ/Air       0%         N/A       80%         4


Dungeon Overview and Level Annotations

Branches:
Dungeon (3/15)

Altars:

Annotations:
D:1 Can't reach some items and places.


Innate Abilities, Weirdness & Mutations

You have sharp claws.
You have razor-sharp teeth.
You have supernaturally acute eyesight. (SInv)
You cover ground quickly. (Speed+)
You are covered in fur. (AC +1)
Your paws help you pounce on unaware monsters.
You are incapable of wielding weapons or throwing items.
You cannot wear armour.
You gain extra lives every three experience levels.


Message History

There is an open door here.
The orc shouts!
The orc throws a boomerang.
The boomerang hits you.
You closely miss the orc wizard.
The orc wizard hits you with a +1 dagger of venom.
You are lethally poisoned!
You scratch the orc wizard.
The orc wizard is moderately wounded.
You feel very sick.
The orc wizard hits you with a +1 dagger of venom.
* * * LOW HITPOINT WARNING * * *
You are more poisoned.
It was a potion of enlightenment.
You feel very buoyant.
You fly up into the air.
You die...
You feel very sick.
You rejoin the land of the living...
An orc wizard is nearby!
The orc wizard casts a spell at you. The magic dart hits you!
The orc wizard closely misses you.
You scratch the orc wizard.
The orc wizard is heavily wounded.
You scratch the orc wizard.
The orc wizard is heavily wounded.
The orc wizard completely misses you.
You claw the orc wizard!
You kill the orc wizard!
You have reached level 5!
You feel agile.
There is a stone staircase leading up here.
You climb upwards.
Level annotation: Can't reach some items and places.
There is a stone staircase leading down here.
There is an open door here.
HP restored.
You see here a +0 dagger.
There is a staircase leading out of the dungeon here.
You have escaped!

.#..#...#.#.§##....#.............
.######..#.#≈..###.###..#...##..#
.#....####.#.##)##......#........
##....###.####≈#.#.......##.##..#
##..##.#..≈#.#.#.#.[.....'.......
#..#.#.###.#.#.##.......##.##..#
.§##.####..#####.#.......##..#..#
?. #.#.....#..#..#.......###.#..#
.. #....#.#.#...@#.......# #.#..#
## ###############.......# #.#..#
###########.#..# #......#..#
########### #......#..#
#.........# #......#...
#.........# ######...##
#.........############......#
#.........#..........'>...#.#


There were no monsters in sight!

Vanquished Creatures
  An orc wizard (D:2)
  2 adders (D:2)
  4 gnolls (D:2)
  2 dart slugs (D:1)
  An orc (D:2)
  3 ball pythons
  3 bats
  6 endoplasms
  A giant cockroach (D:1)
  5 goblins
  7 hobgoblins
  5 kobolds (D:1)
  3 quokkas
  3 frilled lizards
  6 rats
52 creatures vanquished.

Notes
Turn   | Place    | Note
-------+----------+-------------------------------------------
     0 | D:1      | avis the Felid Wanderer began the quest for the Orb.
     0 | D:1      | avis set off with the following items: a scroll of
                  | blinking, a scroll of fear, a scroll of silence, a scroll
                  | of teleportation.
     0 | D:1      | Reached XP level 1. HP: 10/10 MP: 2/2
    41 | D:1      | Reached skill level 3 in Dodging
   112 | D:1      | You fall into a shaft and drop 1 floor!
   259 | D:2      | Reached XP level 2. HP: 12/14 MP: 3/3
   358 | D:2      | Reached skill level 4 in Dodging
   579 | D:1      | Reached XP level 3. HP: 12/17 MP: 4/4
   844 | D:1      | Reached skill level 5 in Dodging
   892 | D:1      | Learned a level 1 spell: Slow
  1723 | D:2      | Reached XP level 4. HP: 11/21 MP: 5/5
  2125 | D:2      | Reached skill level 6 in Dodging
  2373 | D:2      | Reached skill level 1 in Hexes
  2945 | D:2      | Succumbed to an orc wizard's poison
  2957 | D:2      | Reached XP level 5. HP: 15/24 MP: 6/6
  3013 | D:$      | Got out of the dungeon alive.

Illustrated notes

Levels and vault maps discovered:
D:1:      dpeg_arrival_brainrot, layout_basic, st_stairs_7, minmay_ruptured
D:2:      layout_basic
D:3:      layout_basic, dk_yredelemnul_ordeal, dancing_weapons_uskayaw,
          basic_ecumenical_altar, grunt_decor_one_mirror

Skill      XL: |  1  2  3  4 |
---------------+-------------+-----
Dodging        | 3 4 5 6 |  6.0
Stealth        | 3 |  3.0
Hexes          | 1 |  1.0
Fighting       | |  3.4
Unarmed Combat | |  3.0
Evocations     | |  1.1

Action                     |  1- 3 |  4- 6 || total
---------------------------+-------+-------++-------
  Melee: Unarmed           |    99 |    53 ||   152
         Bite              |     6 |     8 ||    14
         Punch             |     2 |     2 ||     4
   Cast: Slow              |     4 |     3 ||     7
    Use: Scroll            |       |     1 ||     1
         Potion            |       |     1 ||     1
   Stab: Sleeping          |     5 |     3 ||     8
         Distracted        |     1 |       ||     1
 Armour: Skin              |    24 |    14 ||    38
  Dodge: Dodged            |    56 |    41 ||    97

Table legend: (Time is in decaauts)
 A = Elapsed time spent in this place.
 B = Non-inter-level travel time spent in this place.
 C = Inter-level travel time spent in this place.
 D = Time resting spent in this place.
 E = Time spent auto-exploring this place.
 F = Levels seen in this place.
 G = Mean time per level.
                   A        B        C        D        E       F      G
               +--------+--------+--------+--------+--------+-----+--------+
         Total |   2524 |   2290 |    234 |    311 |   1154 |   3 |  841.3 |
       Dungeon |   2524 |   2290 |    234 |    311 |   1154 |   3 |  841.3 |
               +--------+--------+--------+--------+--------+-----+--------+

Top non-repeatable levels by time:
     D:2: 1414 daAuts
     D:1: 1031 daAuts
     D:3: 78 daAuts
